 Dungeon Crawl Stone Soup version 0.29.1-12-g30fa7ad0bf (webtiles) character file.

Game seed: 3000981164394521783

11076 Mitcholas the Nimble (level 11, -11/55 HPs)
             Began as a Felid Summoner on Dec 29, 2022.
             Was an Initiate of Gozag.
             Mangled by a blink frog (19 damage)
             ... on level 1 of the Lair of Beasts.
             The game lasted 01:37:05 (21445 turns).

Mitcholas the Nimble (Felid Summoner)              Turns: 21445, Time: 01:37:06

Health: -11/55     AC:  2    Str:  4    XL:     11   Next: 44%
Magic:  26/26      EV: 26    Int: 22    God:    Gozag
Gold:   2351       SH:  0    Dex: 16    Spells: 17/30 levels left
                                        Lives:  0   Deaths: 3

rFire   . . .      SeeInvis +   (weapon unavailable)
rCold   . . .      Faith    .   (shield unavailable)
rNeg    . . .      Spirit   .   (body armour unavailable)
rPois   .          Reflect  .   (helmet unavailable)
rElec   .          Harm     .   (cloak unavailable)
rCorr   .          Rampage  .   (gloves unavailable)
Will    ++...                   (boots unavailable)
Stlth   ++........              E - amulet of magic regeneration
HPRegen 0.18/turn               w - ring of willpower
MPRegen 0.60/turn               s - ring of wizardry

@: gold aura, quick
A: very small, claws 1, fangs 3, see invisible, speed 1, shaggy fur 2, stealthy
paws, no weapons or thrown items, no armour, multi-lived
a: Renounce Religion, Potion Petition, Call Merchant, Bribe Branch


You were on level 1 of the Lair of Beasts.
You worshipped Gozag.
Gozag was most pleased with you.
You visited 3 branches of the dungeon, and saw 16 of its levels.

You collected 3319 gold pieces.
You spent 450 gold pieces at shops.
You paid 518 gold pieces to Gozag.

Inventory:

Jewellery
 q - a ring of protection from cold
 s - a ring of wizardry (right paw)
 w - a ring of willpower (left paw)
 C - a ring of resist corrosion
 E - an amulet of magic regeneration (around neck)
Wands
 k - a wand of acid (8)
 o - a wand of paralysis (8)
Scrolls
 d - a scroll of fear {unknown}
 e - 2 scrolls of magic mapping
 g - 4 scrolls of amnesia
 i - a scroll of blinking {unknown}
 j - a scroll of summoning {unknown}
 l - 4 scrolls of teleportation
 r - 2 scrolls of butterflies
 t - 7 scrolls of immolation
 u - 2 scrolls of torment
 B - a scroll of acquirement {unknown}
 D - 2 scrolls of enchant armour {unknown}
 F - a scroll of poison {unknown}
 G - 4 scrolls of identify
Potions
 a - 3 potions of magic
 b - a potion of brilliance
 c - 2 potions of attraction
 f - 2 potions of ambrosia
 h - 3 potions of curing
 m - a potion of degeneration
 n - a potion of berserk rage
 p - 4 potions of heal wounds
 v - 3 potions of flight
 x - a potion of resistance
 z - a potion of might
Miscellaneous
 y - a lightning rod (4/4)
 A - a phial of floods
 H - a phantom mirror


   Skills:
 + Level 10.5 Fighting
 + Level 13.8 Dodging
 - Level 2.6 Stealth
 - Level 10.0 Spellcasting
 - Level 5.0 Hexes
 - Level 10.0 Summonings
 - Level 7.0 Air Magic


You had 17 spell levels left.
You knew the following spells:

 Your Spells              Type           Power      Damage    Failure   Level
a - Summon Small Mammal   Summ           100%       N/A       1%          1
b - Call Imp              Summ           53%        N/A       1%          2
c - Call Canine Familiar  Summ           53%        N/A       1%          3
d - Summon Guardian Gole  Hex/Summ       44%        N/A       1%          3
e - Summon Lightning Spi  Summ/Air       48%        N/A       1%          4

Your spell library contained the following spells:

 Spells                   Type           Power      Damage    Failure   Level
 Shock                    Conj/Air       100%       1d9       1%          1
 Confusing Touch          Hex            33%        N/A       1%          3
 Necrotise                Necr           44%        1d6       2%          1
 Vampiric Draining        Necr           11%        2d6       8%          3
 Leda's Liquefaction      Hex/Erth       11%        N/A       9%          4
 Yara's Violent Unravell  Hex/Tmut       11%        3d6       24%         5
 Agony                    Necr           11%        N/A       52%         5
 Borgnjor's Vile Clutch   Necr/Erth      5%         N/A       52%         5
 Conjure Ball Lightning   Conj/Air       13%        3x3d6     61%         6
 Enfeeble                 Hex            16%        N/A       92%         7
 Maxwell's Capacitive Co  Air            20%        ∞         100%        8
 Portal Projectile        Hex/Tloc       Unusable   N/A       N/A         3

Dungeon Overview and Level Annotations

Branches:
Dungeon (14/15)            Temple (1/1) D:6            Lair (1/5) D:11
    Orc (0/2) D:9
 Vaults: D:13-14

Altars:
Ashenzari
Cheibriados
Dithmenos
Elyvilon
Fedhas
Gozag
Hepliaklqana
Kikubaaqudgha
Makhleb
Nemelex Xobeh
Okawaru
Qazlal
Ru
Sif Muna
Trog
Uskayaw
Vehumet
Wu Jian
Xom
Yredelemnul
Zin
The Shining One

Shops:
D:3 [   D:6 [   D:11 =

Annotations:
D:10 exclusion: obsidian statue
D:11 exclusions: centaur, 2 doors and 8 more exclusions, Lodul
D:12 2 transporters, JayGG's ghost, journeyman MiBe


Innate Abilities, Weirdness & Mutations

You have sharp claws.
You have razor-sharp teeth.
You have supernaturally acute eyesight. (SInv)
You cover ground quickly. (Speed+)
You are covered in thick fur. (AC +2)
Your paws help you pounce on unaware monsters.
You are incapable of wielding weapons or throwing items.
You cannot wear armour.
You gain extra lives every three experience levels.


Message History

The blink frog blinks!
Your wolf misses the blink frog.
Your wolf closely misses the blink frog.
Your white imp gestures at the blink frog.
The puff of frost hits the blink frog!
You swap places.
Your wolf completely misses the blink frog.
The blink frog is distracted by your dazzling golden aura.
The blink frog is no longer moving slowly.
The blink frog is no longer distracted by gold.
Your wolf misses the blink frog.
The blink frog hits your guardian golem.
Flame seeps out of your guardian golem.
The blink frog blinks!
Your lightning spire shoots out a bolt of lightning at the blink frog!
The bolt of electricity misses the blink frog.
The bolt of electricity hits the blink frog!!
The bolt of electricity hits your lightning spire.
Your lightning spire completely resists.
Your guardian golem is engulfed in blazing flames.
Flame seeps out of your guardian golem.
Your white imp gestures at the blink frog.
The puff of frost hits the blink frog!
The blink frog dies!
The blink frog hits your lightning spire.
Your guardian golem disappears in a puff of smoke!
Your guardian golem explodes!
The fiery explosion engulfs your white imp!!!
Your white imp is burned terribly!
Your white imp dies!
Your white imp disappears in a puff of smoke!
The fiery explosion engulfs you!!!
Ouch! That really hurt!
* * * LOW HITPOINT WARNING * * *
Your wolf misses the blink frog. The blink frog closely misses you.
Your wolf barely misses the blink frog.
You scratch the blink frog. Your claw misses the blink frog.
Your bite misses the blink frog.
The blink frog is almost dead.
The blink frog hits you!!
You die...
Your body crumbles into a pile of gold.

#..................
#..... .........P..
#...F .........#..
#...# #.######.###
#...# #.... #§§§#
#.... #§.°# #....
#§§§# #.... #$@8#
##.... #.>F####
#.....
##..h.PP#######.....
#...................
##..................
#..>...............
#..................
♣..................
~~P~~~~~............


You could see 2 blink frogs, a friendly wolf (summoned) and a friendly lightning
spire (summoned).

Vanquished Creatures
  An orc wizard (D:9)
  2 orcs
  A bat (D:1)
4 creatures vanquished.

Vanquished Creatures (collateral kills)
  Josephine (D:10)
  A hydra (D:10)
  Harold (D:11)
  2 two-headed ogres
  Urug (D:10)
  2 cane toads (Lair:1)
  Maggie (D:7)
  2 unseen horrors
  2 komodo dragons
  2 trolls
  6 dream sheep (Lair:1)
  2 blink frogs (Lair:1)
  3 vampires
  3 wraiths (D:10)
  13 yaks
  A shadow (D:10)
  2 vampire mosquitoes (D:12)
  An acid dragon (D:9)
  3 wargs
  5 water moccasins
  A sky beast (D:6)
  2 orc warriors
  An ice beast (D:6)
  A centaur (D:11)
  10 ogres
  A wolf (Lair:1)
  2 phantoms (D:6)
  2 kobold brigands
  3 bullfrogs
  3 scorpions
  2 gnoll sergeants
  2 wights (D:10)
  Dowan (D:7)
  5 howler monkeys
  2 hounds
  2 jellies
  13 orc priests
  An iron imp (D:9)
  2 iguanas
  12 orc wizards
  8 gnolls
  4 adders
  A white imp (D:6)
  2 worms
  3 dart slugs
  68 orcs
  2 ball pythons
  4 bats
  4 endoplasms
  4 giant cockroaches
  6 goblins
  5 hobgoblins
  4 jackals (D:5)
  4 quokkas
  4 frilled lizards
  8 kobolds
  6 rats
259 creatures vanquished.

Vanquished Creatures (others)
  2 boulder beetles
  A two-headed ogre (D:12)
  2 centaur warriors
  A skeletal warrior (D:10)
  Pikel (D:9)
  A harpy (shapeshifter) (D:10)
  An ugly thing (D:11)
  Joseph (D:7)
  An unseen horror (D:11)
  A komodo dragon (D:11)
  A hornet (D:6)
  A slime creature (D:10)
  A dream sheep (Lair:1)
  A shadow (D:10)
  2 wyverns (D:10)
  8 yaks
  Edmund (D:5)
  An acid dragon (D:10)
  Duvessa (D:7)
  5 orc warriors
  A human (D:5)
  An ogre (D:10)
  3 centaurs
  A phantom (D:5)
  3 lemures (D:9)
  4 wights
  2 orc priests
  A hound (D:5)
  Crazy Yiuf (D:5)
  An iguana (D:5)
  An orc wizard (D:7)
  2 gnolls (D:5)
  7 orcs
  10 plants
72 creatures vanquished.

Grand Total: 335 creatures vanquished

Notes
Turn   | Place    | Note
-------+----------+-------------------------------------------
     0 | D:1      | Mitcholas the Felid Summoner began the quest for the Orb.
     0 | D:1      | Reached XP level 1. HP: 7/7 MP: 4/4
    45 | D:1      | Found a faded altar of an unknown god.
   658 | D:1      | Reached XP level 2. HP: 11/11 MP: 3/6
   661 | D:1      | Learned a level 2 spell: Call Imp
  1817 | D:2      | Reached XP level 3. HP: 14/14 MP: 2/8
  1992 | D:2      | Learned a level 3 spell: Call Canine Familiar
  2601 | D:3      | Found a broken altar of Ashenzari.
  2695 | D:3      | Found a bloodstained altar of Trog.
  2723 | D:3      | Reached XP level 4. HP: 18/18 MP: 9/9
  2821 | D:3      | Got the Spellbook of the Mortuary and Breath
  2901 | D:3      | Reached skill level 5 in Summonings
  3030 | D:3      | Found an opulent altar of Gozag.
  3030 | D:3      | Found a basalt altar of Yredelemnul.
  3039 | D:3      | Found a white marble altar of Elyvilon.
  3040 | D:3      | Found an ornate altar of the Wu Jian Council.
  3046 | D:3      | Became a worshipper of Gozag Ym Sagoz the Greedy
  3197 | D:3      | Found Viajout's Antique Armour Shop.
  3207 | D:3      | Identified the +7 scimitar of Affaune {venom, Contam rF+
                  | Str+3 Stlth+}
  3613 | D:4      | Reached XP level 5. HP: 21/21 MP: 2/11
  3636 | D:4      | Learned a level 3 spell: Summon Guardian Golem
  3925 | D:4      | Found a radiant altar of Vehumet.
  4295 | D:4      | Reached skill level 1 in Fighting
  4295 | D:4      | Reached skill level 3 in Dodging
  4295 | D:4      | Reached skill level 1 in Hexes
  4712 | D:5      | Entered Level 5 of the Dungeon
  4752 | D:5      | Noticed Edmund
  4792 | D:5      | Killed Edmund
  4793 | D:5      | Gained mutation: You are covered in thick fur. (AC +2)
                  | [Felid growth]
  4793 | D:5      | Reached XP level 6. HP: 25/25 MP: 1/13
  5079 | D:5      | Noticed a hornet
  5268 | D:5      | Reached skill level 4 in Dodging
  5311 | D:5      | Found a runed translucent door.
  5312 | D:5      | Noticed Crazy Yiuf
  5363 | D:5      | Reached XP level 7. HP: 30/30 MP: 14/14
  5371 | D:5      | Learned a level 4 spell: Summon Lightning Spire
  5517 | D:5      | Found an ancient bone altar of Kikubaaqudgha.
  5522 | D:5      | Noticed a human
  5524 | D:5      | Killed a human
  6091 | D:5      | Killed Crazy Yiuf
  6543 | D:6      | Reached skill level 5 in Dodging
  6642 | D:6      | Found Geomuah's Armour Shoppe.
  6729 | D:6      | Reached XP level 8. HP: 28/34 MP: 4/16
  6899 | D:6      | Reached skill level 5 in Spellcasting
  6899 | D:6      | Reached skill level 1 in Air Magic
  7014 | D:6      | Found a sparkling altar of Nemelex Xobeh.
  7041 | D:6      | Reached skill level 5 in Hexes
  7181 | D:6      | Found a staircase to the Ecumenical Temple.
  7662 | D:6      | Killed a hornet
  7683 | D:6      | Reached skill level 6 in Dodging
  8543 | Temple   | Entered the Ecumenical Temple
  8660 | D:7      | Identified the +10 quarterstaff of Ponoe {freeze, Fly rPois
                  | rC+ Stlth+}
  9157 | D:7      | Reached XP level 9. HP: 39/39 MP: 6/18
  9371 | D:7      | Noticed Joseph
  9390 | D:7      | Killed Joseph
  9395 | D:7      | Noticed Dowan
  9718 | D:7      | Reached skill level 7 in Dodging
  9911 | D:7      | Noticed Maggie
  9925 | D:7      | Killed Maggie
  9926 | D:7      | Reached skill level 5 in Fighting
 10344 | D:7      | Noticed Duvessa
 10369 | D:7      | Killed Duvessa
 10564 | D:7      | Killed Dowan
 11450 | D:8      | Reached skill level 8 in Dodging
 12471 | D:9      | Reached XP level 10. HP: 35/45 MP: 14/21
 12519 | D:9      | Noticed a centaur warrior
 12530 | D:9      | Killed a centaur warrior
 12803 | D:9      | Found a staircase to the Orcish Mines.
 13337 | D:9      | Found a snail-covered altar of Cheibriados.
 13386 | D:9      | Found a burning altar of Makhleb.
 13398 | D:9      | Reached skill level 5 in Air Magic
 13482 | D:9      | Reached skill level 9 in Dodging
 13490 | D:9      | Noticed Pikel
 13519 | D:9      | Killed Pikel
 13728 | D:9      | Found an iron altar of Okawaru.
 14066 | D:10     | Entered Level 10 of the Dungeon
 14198 | D:10     | Noticed a five-headed hydra
 14216 | D:10     | Killed a five-headed hydra
 14437 | D:10     | Noticed a skeletal warrior
 14848 | D:10     | Noticed a harpy
 14862 | D:10     | Killed a harpy
 14862 | D:10     | Killed by an exploding themself... ignited by their inner
                  | flame
 14863 | D:10     | Reached XP level 9. HP: -33/43 MP: 12/21
 14863 | D:10     | Reached XP level 10. HP: 47/47 MP: 22/22
 14899 | D:10     | Found a sacrificial altar of Ru.
 14901 | D:10     | Noticed Urug
 14945 | D:10     | Noticed a two-headed ogre
 14970 | D:10     | HP: 1/47 [yak (17)]
 14983 | D:10     | Shot with an arrow by a gnoll sergeant
 14984 | D:10     | Reached XP level 9. HP: -9/43 MP: 5/21
 15014 | D:10     | Killed a troll
 15015 | D:10     | Reached skill level 10 in Dodging
 15045 | D:10     | Killed a komodo dragon
 15164 | D:10     | Killed an unseen horror
 15200 | D:10     | Killed a two-headed ogre
 15201 | D:10     | Reached XP level 10. HP: 42/47 MP: 6/23
 15201 | D:10     | Killed Urug
 15244 | D:10     | Noticed a boulder beetle
 15274 | D:10     | Killed a boulder beetle
 15484 | D:10     | Killed a skeletal warrior
 15624 | D:10     | Found a blossoming altar of Fedhas.
 15925 | D:10     | Noticed Josephine
 15948 | D:10     | Killed Josephine
 16001 | D:10     | Noticed an obsidian statue
 16261 | D:10     | Reached skill level 11 in Dodging
 16555 | D:11     | Reached XP level 11. HP: 33/51 MP: 12/24
 16731 | D:11     | Bought an amulet of magic regeneration for 450 gold pieces
 16739 | D:11     | Noticed a cyan ugly thing
 16756 | D:11     | Killed a cyan ugly thing
 16757 | D:11     | Reached skill level 10 in Summonings
 16944 | D:11     | Noticed Harold
 16956 | D:11     | Killed Harold
 17195 | D:11     | Noticed Lodul
 17943 | D:11     | Noticed a two-headed ogre
 17954 | D:11     | Killed a two-headed ogre
 18393 | D:11     | Reached skill level 12 in Dodging
 18494 | D:11     | Found a staircase to the Lair.
 18513 | D:11     | You fall into a shaft and drop 3 floors!
 18519 | D:13     | Noticed a boulder beetle
 18519 | D:13     | Noticed a skeletal warrior
 18619 | D:12     | Found a transporter.
 18620 | D:12     | Noticed JayGG's ghost (journeyman MiBe)
 18620 | D:12     | Noticed a two-headed ogre
 18620 | D:12     | Noticed a two-headed ogre
 18623 | D:12     | Found a transporter.
 18623 | D:12     | Noticed a two-headed ogre
 18629 | D:12     | Noticed a two-headed ogre
 19047 | D:11     | Noticed a centaur warrior
 19052 | D:11     | Killed a centaur warrior
 19338 | D:12     | Noticed a two-headed ogre
 19357 | D:12     | Killed a two-headed ogre
 19755 | D:12     | Identified the +8 giant spiked club of Amorality {drain,
                  | Str+6}
 19755 | D:12     | Noticed an ettin
 20632 | Lair:1   | Entered Level 1 of the Lair of Beasts
 20976 | Lair:1   | Mangled by a komodo dragon
 20977 | Lair:1   | Reached XP level 10. HP: -7/49 MP: 23/24
 20977 | Lair:1   | Noticed a boulder beetle
 21005 | Lair:1   | Killed a boulder beetle
 21006 | Lair:1   | Reached XP level 11. HP: 49/54 MP: 25/25
 21020 | Lair:1   | Reached skill level 10 in Spellcasting
 21229 | Lair:1   | Reached skill level 13 in Dodging
 21235 | Lair:1   | Reached skill level 10 in Fighting
 21445 | Lair:1   | Mangled by a blink frog

Illustrated notes

Levels and vault maps discovered:
D:1:      minmay_arrival_checkered_box, layout_basic, basic_ecumenical_altar
D:2:      layout_loops_ring, hangedman_glass_teeth
D:3:      layout_basic, nicolae_ashenzari_skybound,
          mainiacjoe_overflow_24_doors, minitemple, serial_shops, shop_fountains
D:4:      layout_rooms, vehumet_crystals, roderic_roman_lattice,
          item_on_display_a
D:5:      layout_loops_ring, tgw_kikubaaqudgha, uniq_edmund,
          uniq_crazy_yiuf_cottage
D:6:      layout_loops_corners, nemelex_xobeh_ov_fountains_minmay,
          minmay_temple_entry_ruins, serial_shops, nicolae_square_shop,
          serial_bayou_crossing
D:7:      layout_loops_corners, uniq_maggie, uniq_duvessa, uniq_joseph
D:8:      layout_basic
D:9:      layout_long_grid, okawaru_trees_2, lemuel_doored_altar, slow_altar_2,
          hiddenorc2_lemuel, uniq_pikel
D:10:     cheibrodos_fzero, layout_loops_cross, nicolae_ru_sacrificial_ziggurat,
          fedhas_altar_1, special_room [special_room_orc], st_stairs_12,
          minmay_protected_statue, uniq_urug, uniq_josephine
D:11:     layout_stronghold, erik_lair_orcish_takeover, centaur_isle,
          uniq_harold, uniq_lodul
D:12:     layout_loops_corners, gammafunk_ghost_smash
D:13:     hangedman_arrow_trap, layout_stronghold, erik_vaults_1,
          nicolae_qazlal_general_emergency, uniq_erolcha
D:14:     layout_long_grid, ebering_ghost_reflecting_pool,
          serial_co_window_serial, co_window_paths_a, co_window_paths_b,
          co_window_paths_b, co_window_paths_a, co_window_paths_b,
          co_window_corner_a, co_window_corner_a, co_window_unsneaky_path_a,
          co_window_of_opportunity_c, co_window_2corner, co_window_corner_b,
          co_window_2corner, co_window_paths_d, glass_columns_c, glass_columns_b
Temple:   hellmonk_temple_rainy
Lair:1:   layout_chaotic_city, st_stairs_10, serial_bayou_shore_a,
          serial_bayou_shore_b, infiniplex_staircase_pool_2, lemuel_fruit_tree

Skill      XL: |  1  2  3  4  5  6  7  8  9 10 11 |
---------------+----------------------------------+-----
Spellcasting   | 3 4 5 8 7 10 | 10.0
Summonings     | 5 6 7 8 9 10 | 10.0
Fighting       | 1 2 3 4 5 8 10 | 10.5
Dodging        | 3 4 5 6 10 11 13 | 13.8
Hexes          | 2 3 4 5 |  5.0
Air Magic      | 2 6 5 7 |  7.0
Stealth        | |  2.6

Action                   |  1- 3 |  4- 6 |  7- 9 | 10-12 || total
-------------------------+-------+-------+-------+-------++-------
Melee: Unarmed           |     1 |       |    12 |    26 ||    39
       Bite              |     1 |       |     1 |     7 ||     9
 Cast: Summon Small Mamm |    59 |    37 |    28 |    66 ||   190
       Call Imp          |    17 |    17 |    22 |    44 ||   100
       Call Canine Famil |     2 |    18 |    49 |    80 ||   149
       Summon Guardian G |       |     8 |    42 |    67 ||   117
       Summon Lightning  |       |       |    25 |    53 ||    78
Invok: Call Merchant     |       |       |       |     1 ||     1
Evoke: Wand              |       |       |     1 |     1 ||     2
  Use: Scroll            |       |       |    13 |     8 ||    21
 Stab: Betrayed ally     |       |       |     1 |     3 ||     4
       Paralysed         |       |       |       |     1 ||     1
Armor: Skin              |     2 |       |     3 |     1 ||     6
Dodge: Dodged            |    15 |     4 |    49 |    96 ||   164
